 Dungeon Crawl Stone Soup version 0.18-b1-2-gd0c887e (webtiles) character file.

396 Laan the Conjurer (level 6, 0/49 HPs)
             Began as a Naga Wizard on Apr 28, 2016.
             Slain by a gnoll
             ... wielding a +0 whip
              (1 damage)
             ... on level 4 of the Dungeon.
             The game lasted 00:10:55 (5069 turns).

Laan the Conjurer (Naga Wizard)                     Turns: 5069, Time: 00:10:56

Health: 0/49       AC:  5    Str: 10    XL:     6   Next: 83%
Magic:  0/10       EV:  9    Int: 20    God:
Gold:   152        SH:  0    Dex:  9    Spells: 2 memorised, 7 levels left

rFire  . . .     SeeInvis +     e - +1 short sword (freeze)
rCold  . . .     Gourm    .     a - +0 robe
rNeg   . . .     Faith    .     (no shield)
rPois  +         Spirit   .     k - +0 helmet
rElec  .         Dismiss  .     (no cloak)
rCorr  .         Reflect  .     n - +0 pair of gloves
SustAt .         Harm     .     (no barding)
MR     .....                    (no amulet)
Stlth  +++.......               (no ring)
                                q - ring of stealth

@: short of breath, very slightly contaminated, very slow, not resistant to
hostile enchantments, fairly stealthy
A: see invisible, deformed body, poison resistance, slowness 2, slow metabolism
1, spit poison 2, AC +2
a: Spit Poison


You were on level 4 of the Dungeon.
You were hungry.

You visited 1 branch of the dungeon, and saw 4 of its levels.

You collected 152 gold pieces.

Inventory:

Hand Weapons
 e - a +1 short sword of freezing (weapon)
 j - a +1 dagger of venom
Armour
 a - a +0 robe (worn)
 k - a +0 helmet (worn)
 n - a +0 pair of gloves (worn)
Jewellery
 m - an uncursed ring of fire
 q - a ring of stealth (left hand)
Scrolls
 f - 3 scrolls of remove curse {unknown}
 g - a scroll of fog {unknown}
 h - 4 scrolls of identify {unknown}
 i - 3 scrolls of immolation {unknown}
 l - 2 scrolls of magic mapping {unknown}
 o - a scroll of teleportation {unknown}
 p - a scroll of random uselessness {unknown}
 t - a scroll of recharging {unknown}
Potions
 r - a potion of haste
 u - a potion of might
Books
 c - a book of Minor Magic

   Spells                             Type                      Level
   a - Magic Dart                     Conjuration                  1
   b - Blink                          Translocation                2
   c - Call Imp                       Summoning                    2
   d - Repel Missiles                 Charms/Air                   2
   e - Slow                           Hexes                        2
   f - Conjure Flame                  Conjuration/Fire             3
   g - Mephitic Cloud                 Conjuration/Poison/Air       3
Comestibles
 b - 2 meat rations
 d - 5 bread rations


   Skills:
 - Level 1.5 Dodging
 - Level 3.0 Stealth
 - Level 3.0 Spellcasting
 + Level 6.8 Conjurations
   Level 1.0 Summonings
   Level 1.0 Translocations


You had 7 spell levels left.
You knew the following spells:

 Your Spells              Type           Power        Failure   Level  Hunger
a - Magic Dart            Conj           ####         1%          1    None
b - Mephitic Cloud        Conj/Pois/Air  ##......     17%         3    ###....


Dungeon Overview and Level Annotations

Branches:
Dungeon (4/15)
 Temple: D:4-7

Altars:
Ru


Innate Abilities, Weirdness & Mutations

You cannot wear boots.
Your serpentine skin is tough (AC +2).
You have supernaturally acute eyesight.
Armour fits poorly on your strangely shaped body.
Your system is resistant to poisons.
You cover ground very slowly.
You have a slow metabolism.
You can spit poison.


Message History

The magic dart hits the gnoll.
The gnoll is lightly wounded.
Casting: Magic Dart
Confirm with . or Enter, or press ? or * to list all spells.
Aiming: Magic Dart
Press: ? - help, Shift-Dir - straight line, f/p - gnoll
Aim: a gnoll, wielding a whip (lightly wounded)
The magic dart hits the gnoll.
The gnoll is heavily wounded.
The gnoll hits you with a whip.
* * * LOW HITPOINT WARNING * * *
Casting: Magic Dart
Confirm with . or Enter, or press ? or * to list all spells.
Aiming: Magic Dart
Press: ? - help, Shift-Dir - straight line, f/p - gnoll
Aim: a gnoll, wielding a whip (heavily wounded)
The magic dart hits the gnoll.
The gnoll is almost dead.
The gnoll hits you with a whip.
You die...

######+###
#........###
#........'.#
######........#รท#
#....'........+...
#@####........#.##
#g# #........#..
#)# #........####
#)# #............
+.###.#
#.........###
#....#
######.....##
#....# +.......
#....# #.....##
#....# ..........


You could see a gnoll.

Vanquished Creatures
  A phantom (D:4)
  A scorpion (D:4)
  A gnoll shaman (D:4)
  7 gnolls
  A howler monkey skeleton (D:3)
  2 adders
  An ooze (D:3)
  An adder skeleton (D:3)
  A worm (D:2)
  15 dart slugs
  2 giant geckos
  5 orcs (D:3)
  5 bats
  2 giant cockroaches
  8 hobgoblins
  9 jackals (D:1)
  2 quokkas (D:3)
  2 ball pythons
  A giant cockroach zombie (D:3)
  A giant gecko skeleton (D:3)
  A giant gecko zombie (D:3)
  5 giant newts
  5 goblins
  A jackal zombie (D:3)
  8 kobolds
  3 quokka skeletons
  4 rats
95 creatures vanquished.

Notes
Turn   | Place    | Note
--------------------------------------------------------------
     0 | D:1      | Laan the Naga Wizard began the quest for the Orb.
     0 | D:1      | Reached XP level 1. HP: 15/15 MP: 4/4
   212 | D:1      | Reached skill level 2 in Conjurations
   212 | D:1      | Reached XP level 2. HP: 12/22 MP: 0/6
   936 | D:1      | Reached XP level 3. HP: 28/28 MP: 1/7
   949 | D:1      | Reached skill level 3 in Conjurations
   952 | D:1      | HP: 1/28 [jackal (1)]
  1741 | D:2      | Found a sacrificial altar of Ru.
  2167 | D:2      | Reached XP level 4. HP: 36/36 MP: 2/8
  2421 | D:2      | Gained mutation: You have sharp fingernails. [potion of beneficial mutation]
  2728 | D:3      | Reached skill level 4 in Conjurations
  3364 | D:3      | Reached XP level 5. HP: 42/42 MP: 7/9
  3688 | D:3      | Learned a level 3 spell: Mephitic Cloud
  3850 | D:3      | Reached skill level 5 in Conjurations
  4535 | D:4      | Lost mutation: You have sharp fingernails. [potion of cure mutation]
  4537 | D:4      | Reached XP level 6. HP: 8/49 MP: 0/10
  4565 | D:4      | Noticed a phantom
  4577 | D:4      | Noticed a phantom
  4895 | D:4      | Killed a phantom
  4895 | D:4      | Reached skill level 6 in Conjurations
  5064 | D:4      | HP: 1/49 [gnoll/flail (12)]
  5069 | D:4      | Slain by a gnoll

Skill      XL: |  1  2  3  4  5  6 |
---------------+-------------------+-----
Conjurations   | 2 3 4 5 6 |  6.8
Dodging        | |  1.5
Stealth        | |  3.0
Spellcasting   | |  3.0
Summonings     | |  1.0
Translocations | |  1.0

Action                   |  1- 3 |  4- 6 || total
-------------------------+-------+-------++-------
Melee: Short sword       |    30 |    90 ||   120
       Unarmed           |     2 |       ||     2
 Cast: Magic Dart        |    90 |   173 ||   263
       Mephitic Cloud    |       |     1 ||     1
 Abil: Spit Poison       |       |     2 ||     2
  Use: Potion            |     3 |     5 ||     8
 Stab: Sleeping          |       |     1 ||     1
       Confused          |       |     2 ||     2
  Eat: Chunk             |     2 |     8 ||    10
Armor: Robe              |     4 |    35 ||    39
Dodge: Dodged            |    25 |    55 ||    80
